 Dungeon Crawl Stone Soup version 0.31-a0-795-g5eb97db20b (webtiles) character file.

Game seed: 5337704662369186261

203 Maratek the Cudgeller (level 5, -4/37 HPs)
             Began as an Octopode Fighter on Sept 18, 2023.
             Slain by Pikel
             ... wielding a +1 whip of flaming
              (8 damage)
             ... on level 4 of the Dungeon.
             The game lasted 00:03:18 (2475 turns).

Maratek the Cudgeller (Octopode Fighter)            Turns: 2475, Time: 00:03:18

Health: -4/37      AC:  1    Str: 17    XL:     5   Next: 81%
Magic:  5/5        EV: 13    Int: 10    God:
Gold:   316        SH:  4    Dex: 12    Spells: 4/4 levels left

rFire   . . .        a - +0 flail
rCold   . . .        b - +0 buckler
rNeg    . . .        (helmet restricted)
rPois   .            (no amulet)
rElec   .            (no ring)
rCorr   .            (no ring)
SInv    .            (no ring)
Will    .....        (no ring)
Stlth   +++          (no ring)
HPRegen 0.26/turn    (no ring)
MPRegen 0.09/turn    (no ring)
                     (no ring)

%: no passive effects
@: mighty
A: almost no armour, amphibious, 8 rings, camouflage 1, gelatinous body 1,
(nimble swimmer 1), tentacles
a: no special abilities


You were on level 4 of the Dungeon.
You visited 1 branch of the dungeon, and saw 4 of its levels.

You collected 316 gold pieces.

Inventory:

Hand Weapons
 a - a +0 flail (weapon)
Armour
 b - a +0 buckler (worn)
Jewellery
 l - an amulet of faith
Wands
 k - a wand of digging (5)
Scrolls
 d - a scroll of teleportation {unknown}
 h - a scroll of revelation
 i - a scroll of amnesia
 j - 3 scrolls of identify
 n - a scroll of torment {unknown}
Potions
 c - 2 potions of might
 e - a potion of ambrosia {unknown}
 f - 3 potions of mutation {unknown}
 g - 3 potions of curing {unknown}
 m - a potion of lignification {unknown}
 o - a potion of heal wounds {unknown}


   Skills:
 + Level 3.6 Fighting
 + Level 3.9 Maces & Flails
 + Level 3.6 Dodging
 + Level 3.3 Stealth
 + Level 3.4 Shields


You had 4 spell levels left.
You didn't know any spells.
Your spell library contained the following spells:

 Spells                   Type           Power      Damage    Failure   Level
 Magic Dart               Conj           0%         1d3       43%         1
 Searing Ray              Conj           0%         2d4       58%         2
 Fulminant Prism          Conj/Hex       0%         3d5       99%         4


Dungeon Overview and Level Annotations

Branches:
Dungeon (4/15)
 Temple: D:4-7

Altars:

Shops:
D:2 (

Annotations:
D:4 Pikel


Innate Abilities, Weirdness & Mutations

You cannot wear most types of armour.
You are amphibious.
You can wear up to eight rings at the same time.
Your skin changes colour to match your surroundings (Stealth+).
Your rubbery body absorbs attacks. (AC +1, EV +1)
((You are camouflaged when in or above water. (Stealth+)))
You have tentacles for arms and can constrict up to eight enemies at once.


Message History

You barely miss the lemure. You grab the lemure.
Your squeeze misses the lemure. You constrict the lemure.
A lemure comes into view.
The lemure hits you.
You completely miss the lemure.
The lemure is lightly wounded.
You constrict the lemure. The lemure hits you.
The lemure shouts!
You hit the lemure but do no damage. You squeeze the lemure!
The lemure is heavily wounded.
You constrict the lemure. The lemure closely misses you.
Pikel zaps a wand.
The roots erupt in riotous growth!
The lemure is unaffected.
The grasping roots grab you!
Pikel is unaffected.
The grasping roots constrict you!
You are too injured to fight recklessly!
You are too injured to fight recklessly!
You are too injured to fight recklessly!
You are too injured to fight recklessly!
You are too injured to fight recklessly!
You are too injured to fight recklessly!
You are too injured to fight recklessly!
You are too injured to fight recklessly!
You are too injured to fight recklessly!
You feel very mighty all of a sudden.
You constrict the lemure. The lemure hits you.
The grasping roots constrict you!
* * * LOW HITPOINT WARNING * * *
The grasping roots release their grip on you.
You hit the lemure.
You kill the lemure!
That felt strangely unrewarding.
Pikel hits you with a +1 whip of flaming.
* * * LOW HITPOINT WARNING * * *
Pikel burns you.
* * * LOW HITPOINT WARNING * * *
You hit Pikel. Your grab misses Pikel.
Pikel is lightly wounded.
Pikel hits you with a +1 whip of flaming!
You die...
Pikel says, "See you in Hell!"

.####'####.##.####.###
.........#########.#######
.........+...............#
.........#...............+
.........#...............#
.........#...............#
.........#...............#
.........#...............#
.........#....#.@#####+###
########K5..... 55.....
....... ....... .......
....... .....##


You could see Pikel and 3 lemures.

Vanquished Creatures
  An ogre (D:3)
  A lemure (D:4)
  An orc wizard (D:3)
  2 adders
  2 dart slugs
  9 orcs
  8 endoplasms
  2 giant cockroaches
  11 goblins
  3 hobgoblins
  2 quokkas
  4 ball pythons
  5 bats
  4 frilled lizards
  8 kobolds
  5 rats
68 creatures vanquished.

Notes
Turn   | Place    | Note
-------+----------+-------------------------------------------
     0 | D:1      | Maratek the Octopode Fighter began the quest for the Orb.
     0 | D:1      | Reached XP level 1. HP: 16/16 MP: 1/1
    60 | D:1      | Reached XP level 2. HP: 21/21 MP: 2/2
   489 | D:1      | Reached XP level 3. HP: 16/26 MP: 3/3
   732 | D:1      | Reached skill level 1 in Stealth
   998 | D:2      | Found Liocek's Weapon Emporium.
  1095 | D:2      | Found a faded altar of an unknown god.
  1335 | D:3      | Reached XP level 4. HP: 31/31 MP: 4/4
  1756 | D:3      | Noticed an ogre
  1765 | D:3      | Killed an ogre
  1766 | D:3      | Reached XP level 5. HP: 34/36 MP: 5/5
  2462 | D:4      | Noticed a lemure
  2466 | D:4      | Noticed Pikel
  2468 | D:4      | Noticed a lemure
  2468 | D:4      | Noticed a lemure
  2470 | D:4      | Noticed a lemure
  2474 | D:4      | Killed a lemure
  2475 | D:4      | Slain by Pikel

Illustrated notes

Levels and vault maps discovered:
D:1:      giann_horns, layout_basic
D:2:      layout_rooms, serial_shops, shop_fountains,
          shapermc_ecumenical_altar_totnotflames
D:3:      layout_basic, minmay_hedge_maze, minmay_quadrilaterals
D:4:      layout_gridville, chequers_serial_rivers_small_a, uniq_robin,
          uniq_pikel, uniq_eustachio

Skill      XL: |  1  2  3  4 |
---------------+-------------+-----
Stealth        | 2 3 |  3.3
Maces & Flails | 3 |  3.9
Fighting       | |  3.6
Dodging        | |  3.6
Shields        | |  3.4

Action                     |  1- 3 |  4- 6 || total
---------------------------+-------+-------++-------
  Melee: Flail             |    68 |    52 ||   120
         Constrict         |    16 |    12 ||    28
         Tentacles         |     7 |     6 ||    13
         Punch             |     1 |     1 ||     2
    Use: Scroll            |     5 |       ||     5
         Potion            |       |     1 ||     1
   Stab: Sleeping          |    14 |     4 ||    18
         Distracted        |       |     1 ||     1
 Armour: Skin              |    17 |    18 ||    35
  Dodge: Dodged            |    28 |    24 ||    52
  Block: Buckler           |    11 |     5 ||    16

Table legend: (Time is in decaauts)
 A = Elapsed time spent in this place.
 B = Non-inter-level travel time spent in this place.
 C = Inter-level travel time spent in this place.
 D = Time resting spent in this place.
 E = Time spent auto-exploring this place.
 F = Levels seen in this place.
 G = Mean time per level.
                   A        B        C        D        E       F      G
               +--------+--------+--------+--------+--------+-----+--------+
         Total |   2510 |   2439 |     71 |    263 |   1736 |   4 |  627.5 |
       Dungeon |   2510 |   2439 |     71 |    263 |   1736 |   4 |  627.5 |
               +--------+--------+--------+--------+--------+-----+--------+

Top non-repeatable levels by time:
     D:3: 1120 daAuts
     D:1: 772 daAuts
     D:2: 537 daAuts
     D:4: 80 daAuts
